 Dungeon Crawl Stone Soup version 0.30-a0-634-g8abc85282e (webtiles) character file.

Game seed: 11941668815908831199

29484 ryw the Warrior (level 13, 0/115 (126) HPs)
             Began as a Red Draconian Delver on Jan 14, 2023.
             Was a High Priest of Ru.
             Slain by a seven-headed hydra (3 damage)
             ... summoned by a boggart
             ... on level 5 of the Lair of Beasts.
             The game lasted 00:56:38 (22402 turns).

ryw the Warrior (Red Draconian Delver)             Turns: 22402, Time: 00:56:38

HP:   0/115 (126)   AC:  6    Str: 23    XL:     13   Next: 15%
MP:   13/13         EV: 17    Int: 11    God:    Ru [*****.]
Gold: 713           SH:  0    Dex: 13    Spells: 12/12 levels left

rFire   + . .      SeeInvis .    x - +8 short sword (elec)
rCold   . . .      Faith    +    (no shield)
rNeg    . . .      Spirit   .    (body armour unavailable)
rPois   .          Reflect  .    O - +2 hat {Will+}
rElec   .          Harm     .    I - scarf {+Inv}
rCorr   .          Rampage  .    F - +0 pair of gloves
Will    ++...                    (no boots)
Stlth   +++                      t - amulet of faith
HPRegen 0.39/turn                m - +6 ring of strength
MPRegen 0.13/turn                J - ring of willpower

@: lethally poisoned (0 -> -3), drained, unable to read
A: breathe fire, AC +8, unfitting armour, fire resistance 1, weak 1,
cold-blooded, inability to read after injury 2, hated by all, reduced AC 1,
disrupted magic 1
a: Breathe Fire, Renounce Religion, Evoke Invisibility, Draw Out Power, Power
Leap, Apocalypse


You were on level 5 of the Lair of Beasts.
You worshipped Ru.
Ru was extremely pleased with you.
You visited 3 branches of the dungeon, and saw 14 of its levels.

You collected 713 gold pieces.

Inventory:

Hand Weapons
 a - a +1 falchion
 g - the +4 mace of Brutal Revenge {antimagic, rElec}
   (You found it on level 5 of the Dungeon)

   rElec:     It insulates you from electricity.
 x - a +8 short sword of electrocution (weapon)
 D - a +2 dagger of venom
Missiles
 o - a silver boomerang (quivered)
 q - 21 poisoned darts
 H - 3 curare-tipped darts
 N - 4 boomerangs of dispersal
Armour
 F - a +0 pair of gloves (worn)
 I - a scarf of invisibility (worn)
 O - a +2 hat of willpower (worn)
Jewellery
 h - a ring of positive energy
 m - a +6 ring of strength (left hand)
 t - an amulet of faith (around neck)
 J - a ring of willpower (right hand)
Wands
 e - a wand of flame (7)
 f - a wand of digging (3)
 k - a wand of roots (30)
 n - a wand of light (15)
 w - a wand of paralysis (21)
 C - a wand of polymorph (14)
Scrolls
 b - 4 scrolls of fog
 c - 4 scrolls of magic mapping
 d - a scroll of fear
 i - 5 scrolls of blinking
 r - 6 scrolls of teleportation
 s - 2 scrolls of vulnerability
 u - 4 scrolls of poison
 G - 3 scrolls of torment
Potions
 j - a potion of cancellation
 l - a potion of degeneration
 p - a potion of mutation
 v - a potion of flight
 z - 2 potions of attraction
 A - 3 potions of curing
 B - 3 potions of lignification
 E - a potion of brilliance
 P - a potion of resistance {unknown}
Miscellaneous
 K - a box of beasts


   Skills:
 - Level 15.0 Fighting
 - Level 3.9(4.1) Short Blades
 - Level 2.0(3.2) Long Blades
 - Level 3.0 Maces & Flails
 + Level 12.3 Dodging
 - Level 4.5 Stealth
 + Level 11.4 Evocations


You had 12 spell levels left.
You didn't know any spells.
Your spell library contained the following spells:

 Spells                   Type           Power      Damage    Failure   Level
 Freeze                   Ice            0%         1d3       43%         1
 Cigotuvi's Dreadful Rot  Necr/Pois/Air  0%         N/A       56%         2
 Poisonous Vapours        Pois/Air       0%         N/A       56%         2
 Frozen Ramparts          Ice            0%         1d1       78%         3
 Hailstorm                Conj/Ice       0%         3d3       78%         3
 Mephitic Cloud           Conj/Pois/Air  0%         N/A       78%         3
 Portal Projectile        Hex/Tloc       0%         N/A       78%         3
 Dispel Undead            Necr           0%         3d6       99%         4
 Blade Hands              Tmut           0%         N/A       100%        5
 Tukima's Dance           Hex            Unusable   N/A       N/A         3
 Death Channel            Necr           Unusable   N/A       N/A         6

Dungeon Overview and Level Annotations

Branches:
Dungeon (8/15)             Temple (1/1) D:6            Lair (5/5) D:8
  Swamp (0/4) Lair:2        Snake (0/4) Lair:3        Slime (0/5) Lair:4

Altars:
Ashenzari
Cheibriados
Dithmenos
Elyvilon
Gozag
Kikubaaqudgha
Nemelex Xobeh
Okawaru
Qazlal
Ru
Sif Muna
Trog
Uskayaw
Vehumet
Wu Jian
Xom
Zin
The Shining One

Shops:
D:5 (

Annotations:
Lair:3 1 exclusion
Lair:4 1 runed translucent door


Innate Abilities, Weirdness & Mutations

You can breathe blasts of fire.
Your fiery red scales are hard. (AC +8)
You cannot fit into any form of body armour.
Your flesh is heat resistant. (rF+)
You are weak. (Str -2)
You are cold-blooded and may be slowed by cold attacks.
You sometimes lose the ability to read scrolls when taking damage.
You are hated by all.
You take slightly more damage. (AC -5)
Your casting is slightly disrupted.


Message History

You feel very sick. The cane toad stings you!
* * * LOW HITPOINT WARNING * * *
You focus your inner power and illuminate the cane toad in retribution!
You hit the cane toad.
The cane toad is heavily wounded.
You feel very sick. The cane toad misses you.
You puncture the cane toad!
The cane toad is severely wounded.
You feel sick. The cane toad misses you.
You hit the cane toad.
The cane toad is severely wounded.
You feel sick.
You puncture the seven-headed hydra!
The seven-headed hydra is lightly wounded.
You feel sick.
You puncture the seven-headed hydra!
The seven-headed hydra is moderately wounded.
You feel sick.
The cane toad is no longer blind.
The seven-headed hydra bites you.
* * * LOW HITPOINT WARNING * * *
The seven-headed hydra barely misses you.
The seven-headed hydra completely misses you.
The seven-headed hydra bites you!
* * * LOW HITPOINT WARNING * * *
The seven-headed hydra bites you!
* * * LOW HITPOINT WARNING * * *
The seven-headed hydra closely misses you.
The seven-headed hydra misses you.
Unknown command.
You feel much better.
You feel sick. The seven-headed hydra misses you.
The seven-headed hydra bites you!
* * * LOW HITPOINT WARNING * * *
The seven-headed hydra bites you!
* * * LOW HITPOINT WARNING * * *
The seven-headed hydra bites you.
* * * LOW HITPOINT WARNING * * *
The seven-headed hydra bites you.
You die...

........# ♣. .......## ♣.♣
........# ♣..♣ ♣♣♣♣♣♣♣
........# ♣..♣♣♣♣g.†.g♣
.......P# ### ♣.♣.D..♣♣♣..
........####.## ♣♣..♣♣♣♣ ♣♣♣
#.......##..#.♣♣♣♣♣♣♣♣..♣♣ ♣
###.......#..#.÷♣♣F{...♣♣ .
###.#.#.......@D♣♣.......♣ ..
###..#.#..♣.♣♣♣♣♣♣..♣♣.....♣♣
#######♣♣♣♣ ♣♣♣♣ ♣♣♣


You could see a seven-headed hydra (summoned) and a cane toad (summoned,
corona).

Vanquished Creatures
  Gastronok (Lair:2)
  Nessos (Lair:3)
  2 hydras
  5 death yaks
  Pikel (D:7)
  A salamander (Lair:3)
  A black mamba (Lair:4)
  5 elephants
  3 cane toads
  2 torpor snails
  3 rime drakes
  7 komodo dragons
  2 polar bears
  2 dream sheep (Lair:4)
  20 blink frogs
  A spriggan (Lair:5)
  30 yaks
  2 basilisks (Lair:2)
  2 wyverns
  2 steam dragons
  A swamp worm (Lair:2)
  Duvessa (D:6)
  7 water moccasins
  An orc warrior (D:7)
  An ice beast (D:6)
  12 black bears
  An ogre (D:6)
  23 wolves
  2 lemures
  2 kobold brigands (D:7)
  2 scorpions
  9 bullfrogs
  2 necrophages
  5 wights
  Dowan (D:6)
  14 killer bees
  4 jellies
  8 howler monkeys
  A hound (D:6)
  4 orc priests
  A gnoll bouda (D:5)
  Terence (D:2)
  5 iguanas
  4 orc wizards
  11 gnolls
  A white imp (D:5)
  2 worms
  24 orcs
  3 bats
  15 endoplasms
  2 giant cockroaches
  6 goblins
  10 hobgoblins
  3 jackals (D:1)
  4 quokkas
  7 ball pythons
  4 frilled lizards
  15 kobolds
  4 rats
316 creatures vanquished.

Vanquished Creatures (others)
  2 komodo dragons (Lair:3)
  A rime drake (Lair:4)
  A blink frog (Lair:4)
  A yak (Lair:4)
  A black bear (Lair:2)
  An orc wizard (D:7)
  86 fungi
  123 plants
216 creatures vanquished.

Grand Total: 532 creatures vanquished

Notes
Turn   | Place    | Note
-------+----------+-------------------------------------------
     0 | D:5      | ryw the Draconian Delver began the quest for the Orb.
     0 | D:5      | Reached XP level 1. HP: 19/19 MP: 1/1
    31 | D:5      | Noticed a jelly
    33 | D:5      | Identified the +4 mace of Brutal Revenge {antimagic, rElec}
    58 | D:4      | Noticed an iguana
   306 | D:1      | Reached XP level 2. HP: 27/27 MP: 0/2
   413 | D:1      | Reached skill level 4 in Fighting
   658 | D:1      | Reached XP level 3. HP: 31/34 MP: 1/3
   681 | D:1      | Reached skill level 1 in Maces & Flails
  1328 | D:2      | Noticed Terence
  1334 | D:2      | Killed Terence
  1335 | D:2      | Reached XP level 4. HP: 35/41 MP: 1/4
  1833 | D:2      | Reached skill level 5 in Fighting
  2073 | D:3      | Reached XP level 5. HP: 48/48 MP: 1/5
  3824 | D:4      | Reached XP level 6. HP: 46/57 MP: 2/6
  4294 | D:4      | Reached skill level 6 in Fighting
  5053 | D:5      | Your scales start taking on a fiery red colour.
  5053 | D:5      | Reached XP level 7. HP: 47/64 MP: 2/7
  5053 | D:5      | Gained mutation: Your flesh is heat resistant. (rF+) [Red
                  | Draconian growth]
  5199 | D:5      | Reached skill level 7 in Fighting
  5775 | D:5      | Found Muceet's Weapon Boutique.
  5790 | D:5      | Reached skill level 5 in Dodging
  6232 | D:6      | Reached XP level 8. HP: 74/74 MP: 2/8
  6238 | D:6      | Reached skill level 8 in Fighting
  6390 | D:6      | Noticed Dowan
  6392 | D:6      | Noticed Duvessa
  6406 | D:6      | Killed Duvessa
  6420 | D:6      | Killed Dowan
  6586 | D:6      | Found a broken altar of Ashenzari.
  6714 | D:6      | Found a staircase to the Ecumenical Temple.
  6797 | Temple   | Entered the Ecumenical Temple
  6985 | Temple   | Became a worshipper of Ru the Awakened
  7385 | D:7      | Reached skill level 9 in Fighting
  7385 | D:7      | Reached skill level 1 in Evocations
  8070 | D:7      | Found a stormy altar of Qazlal.
  8301 | D:7      | Gained mutation: Your casting is slightly disrupted. [Ru
                  | sacrifice]
  8606 | D:7      | Reached XP level 9. HP: 75/84 MP: 3/9
  8674 | D:8      | Noticed Pikel
  9119 | D:7      | Reached skill level 10 in Fighting
  9203 | D:8      | Found a staircase to the Lair.
  9590 | D:7      | Reached skill level 5 in Evocations
 10439 | D:7      | Reached XP level 10. HP: 53/89 MP: 3/10
 10814 | D:7      | Killed Pikel
 10815 | D:7      | Reached skill level 11 in Fighting
 11930 | D:8      | Found a hazy altar of Hepliaklqana.
 12211 | D:8      | Gained mutation: You occasionally lose the ability to read
                  | scrolls when taking damage. [Ru sacrifice]
 12211 | D:8      | Gained mutation: You sometimes lose the ability to read
                  | scrolls when taking damage. [Ru sacrifice]
 12211 | D:8      | Reached * piety under Ru
 12249 | D:8      | Found a radiant altar of Vehumet.
 12490 | Lair:1   | Entered Level 1 of the Lair of Beasts
 12559 | Lair:1   | You fall into a shaft and drop 1 floor!
 12988 | Lair:2   | Found a staircase to the Swamp.
 13054 | Lair:1   | Reached skill level 12 in Fighting
 13619 | Lair:1   | Found the +4 skin of Zhor {*Englaciate rC+++ SInv}
 13646 | Lair:1   | Reached XP level 11. HP: 100/104 MP: 3/11
 14566 | Lair:1   | Reached skill level 10 in Dodging
 14719 | Lair:1   | Gained mutation: You are hated by all. [Ru sacrifice]
 14719 | Lair:1   | Reached ** piety under Ru
 14719 | Lair:1   | Reached *** piety under Ru
 15298 | Lair:2   | Reached skill level 13 in Fighting
 15309 | Lair:2   | Identified the +1 chain mail of Iphenn {Str+2}
 15532 | Lair:2   | Noticed Gastronok
 15550 | Lair:2   | Killed Gastronok
 16436 | Lair:3   | Noticed a death yak
 16864 | Lair:3   | Noticed a six-headed hydra
 16864 | Lair:3   | Noticed a death yak
 16864 | Lair:3   | Noticed a death yak
 16864 | Lair:3   | Noticed a death yak
 16901 | Lair:2   | Killed a death yak
 16956 | Lair:2   | Killed a death yak
 16957 | Lair:2   | Reached XP level 12. HP: 93/116 MP: 4/12
 17205 | Lair:3   | Killed a six-headed hydra
 17399 | Lair:3   | Noticed a death yak
 17419 | Lair:2   | Killed a death yak
 17856 | Lair:1   | Killed a death yak
 17857 | Lair:1   | Reached skill level 10 in Evocations
 17934 | Lair:1   | Killed a death yak
 17935 | Lair:1   | Reached skill level 14 in Fighting
 18131 | Lair:3   | Found a staircase to the Snake Pit.
 18269 | Lair:3   | Gained mutation: You take slightly more damage. (AC -5) [Ru
                  | sacrifice]
 18269 | Lair:3   | Reached **** piety under Ru
 18269 | Lair:3   | Reached ***** piety under Ru
 18570 | Lair:3   | Noticed Nessos
 18575 | Lair:3   | Identified the +1 helmet of the Centipede {Fly}
 18594 | Lair:3   | Killed Nessos
 18595 | Lair:3   | Reached skill level 1 in Short Blades
 19003 | Lair:4   | Found a runed translucent door.
 20313 | Lair:4   | Found a staircase to the Slime Pits.
 20849 | Lair:4   | Noticed a four-headed hydra
 21114 | Lair:4   | Gained mutation: You are weak. (Str -2) [Ru sacrifice]
 21129 | Lair:4   | Killed a four-headed hydra
 21140 | Lair:4   | Reached XP level 13. HP: 74/125 MP: 13/13
 21732 | Lair:5   | Entered Level 5 of the Lair of Beasts
 22156 | Lair:5   | Reached skill level 15 in Fighting
 22401 | Lair:5   | HP: 3/115 [seven-headed hydra[a boggart] (11)]
 22402 | Lair:5   | Slain by a seven-headed hydra

Illustrated notes

Levels and vault maps discovered:
D:1:      enne_arrival_octagon_isle, layout_basic, kennysheep_boxes
D:2:      layout_rooms, wad_orctagon, uniq_terence
D:3:      layout_basic, serial_bayou, serial_bayou_ford_a, serial_bayou_shore_b,
          serial_bayou_lagoon_a, serial_bayou_pond_e
D:4:      layout_loops_ring, serial_co_window_serial, co_window_corner_a,
          co_window_paths_a, co_window_corner_a, co_window_paths_b,
          co_window_paths_a, co_window_unsneaky_path_d, co_window_corner_b,
          co_window_corner_cb, co_window_2corner, co_window_broadway_c,
          co_window_corner_b, co_window_of_opportunity_c, co_window_4corner_a,
          glass_columns_b, glass_columns_a
D:5:      layout_basic, serial_shops, shop, minmay_misc_feat_tower,
          serial_bayou_lake_a
D:6:      layout_loops_cross, nicolae_ashenzari_panopticon, temple_doors_e,
          uniq_duvessa
D:7:      layout_cave_pools, nicolae_qazlal_general_emergency,
          serial_co_window_serial, co_window_paths_b, co_window_paths_a,
          co_window_paths_b, co_window_of_opportunity_a, co_window_cross_1,
          co_window_corner_a, co_window_cross_1, co_window_of_opportunity_a,
          co_window_cross_1, co_window_corner_ca, co_window_2corner,
          co_window_broadway_c, co_window_2corner, co_window_corner_ca,
          co_window_corner_ca, glass_columns_b, glass_columns_c,
          glass_columns_c, serial_bayou_pond_e, minmay_misc_feat_doors
D:8:      layout_rooms, mainiacjoe_overflow_paths, mainiacjoe_overflow_chevrons,
          due_lair_maze_entry_diamond, uniq_pikel
Temple:   bh_familiar_temple
Lair:1:   layout_regular_city, gauntlet_entry_generic,
          hellmonk_guarded_unrand_zhor, infiniplex_staircase_pool
Lair:2:   layout_big_grid, minmay_swamp_entry_worms, beast_lair_carwin_11,
          uniq_gastronok
Lair:3:   layout_gridlike, nicolae_snake_entry_warm_welcome, grunt_megastairs_5,
          uniq_nessos
Lair:4:   gammafunk_indiana_jones, layout_regular_city,
          nicolae_slime_entry_slimehenge, minivault_27, lemuel_fruit_tree,
          serial_bayou_shore_b
Lair:5:   minmay_lair_end_enchanted_forest, layout_cave_pods,
          infiniplex_staircase_pool_2

Skill      XL: |  1  2  3  4  5  6  7  8  9 10 11 12 13 |
---------------+----------------------------------------+-----
Dodging        | 2 3 4 5 6 8 9 11 12 | 12.3
Fighting       | 4 5 6 7 9 10 12 13 14 15 | 15.0
Maces & Flails | 2 3 |  3.0
Evocations     | 2 5 7 9 11 | 11.4
Short Blades   | 3 |  3.9
Long Blades    | |  2.0
Stealth        | |  4.5

Action                   |  1- 3 |  4- 6 |  7- 9 | 10-12 | 13-15 || total
-------------------------+-------+-------+-------+-------+-------++-------
Melee: Mace              |    95 |   130 |   283 |   304 |       ||   812
       Tailslap          |     6 |    18 |    38 |    87 |    30 ||   179
       Punch             |       |     2 |     5 |     9 |       ||    16
       Short sword       |       |       |       |   223 |   109 ||   332
Throw: Boomerang         |       |       |     5 |     2 |       ||     7
Invok: Sacrifice Essence |       |       |     1 |       |       ||     1
       Sacrifice Words   |       |       |       |     1 |       ||     1
       Sacrifice Love    |       |       |       |     1 |       ||     1
       Power Leap        |       |       |       |     2 |       ||     2
       Sacrifice Purity  |       |       |       |     1 |       ||     1
       Sacrifice Health  |       |       |       |     1 |       ||     1
 Abil: Breathe Fire      |       |       |    23 |    60 |     4 ||    87
       Evoke Invisibilit |       |       |       |     4 |     1 ||     5
  Use: Potion            |       |     1 |     2 |     5 |     2 ||    10
       Scroll            |       |       |    18 |     7 |       ||    25
 Stab: Sleeping          |     6 |    13 |     6 |     2 |       ||    27
       Invisible         |       |       |     5 |     9 |     1 ||    15
       Distracted        |       |       |       |     4 |       ||     4
Armor: Skin              |    30 |    29 |   119 |   209 |    19 ||   406
Dodge: Dodged            |    93 |    62 |   299 |   662 |    78 ||  1194

Table legend: (Time is in decaauts)
 A = Elapsed time spent in this place.
 B = Non-inter-level travel time spent in this place.
 C = Inter-level travel time spent in this place.
 D = Time resting spent in this place.
 E = Time spent auto-exploring this place.
 F = Levels seen in this place.
 G = Mean time per level.
                   A        B        C        D        E       F      G
               +--------+--------+--------+--------+--------+-----+--------+
         Total |  22773 |  21695 |   1078 |   8445 |   8534 |  14 | 1626.6 |
       Dungeon |  12594 |  11886 |    708 |   3783 |   5735 |   8 | 1574.2 |
        Temple |    219 |    189 |     30 |      0 |    166 |   1 |  219.0 |
          Lair |   9959 |   9619 |    340 |   4662 |   2632 |   5 | 1991.8 |
               +--------+--------+--------+--------+--------+-----+--------+

Top non-repeatable levels by time:
     D:7: 4452 daAuts
  Lair:4: 2690 daAuts
  Lair:1: 2462 daAuts
  Lair:3: 2271 daAuts
  Lair:2: 2205 daAuts
     D:4: 1498 daAuts
     D:3: 1454 daAuts
     D:1: 1302 daAuts
     D:5: 1250 daAuts
     D:6: 1015 daAuts
     D:8: 917 daAuts
     D:2: 702 daAuts
  Lair:5: 329 daAuts
  Temple: 219 daAuts
